 Dungeon Crawl Stone Soup version 0.27-a0-1391-g48c30b3128 (webtiles) character file.

Game seed: 2888750836679281436

584 Nattfarinn the Cutter (level 7, -11/61 HPs)
             Began as a Hill Orc Gladiator on July 1, 2021.
             Mangled by an ogre (18 damage)
             ... on level 5 of the Dungeon.
             The game lasted 00:06:46 (5729 turns).

Nattfarinn the Cutter (Hill Orc Gladiator)          Turns: 5729, Time: 00:06:46

Health: -11/61     AC:  8    Str: 17    XL:     7   Next: 37%
Magic:  8/8        EV: 12    Int:  8    God:
Gold:   221        SH:  0    Dex: 14    Spells: 6/6 levels left

rFire    . . .     SeeInvis .   a - +0 rapier
rCold    . . .     Faith    .   (no shield)
rNeg     . . .     Spirit   .   b - +0 leather armour
rPois    .         Reflect  .   c - +2 helmet
rElec    .         Harm     .   i - +1 cloak
rCorr    .         Rampage  .   (no gloves)
Will     .....                  (no boots)
Stlth    +.........             (no amulet)
HPRegen  0.20/turn              (no ring)
MPRegen  0.11/turn              (no ring)

@: no status effects
A: no striking features
a: no special abilities


You were on level 5 of the Dungeon.
You visited 1 branch of the dungeon, and saw 5 of its levels.
You also visited: Sewer.

You collected 221 gold pieces.

Inventory:

Hand Weapons
 a - a +0 rapier (weapon)
Missiles
 d - a throwing net (quivered)
 g - 8 atropa-tipped darts
Armour
 b - a +0 leather armour (worn)
 c - a +2 helmet (worn)
 i - a +1 cloak (worn)
Jewellery
 t - a ring of ice
Scrolls
 f - 2 scrolls of magic mapping
 h - 3 scrolls of teleportation {unknown}
 n - 2 scrolls of fog {unknown}
 r - a scroll of blinking {unknown}
 v - a scroll of identify
Potions
 e - a potion of cancellation {unknown}
 j - 2 potions of might {unknown}
 k - a potion of magic {unknown}
 l - a potion of flight {unknown}
 m - a potion of curing {unknown}
 o - a potion of lignification {unknown}
 p - 4 potions of brilliance {unknown}
 q - a potion of ambrosia {unknown}
 s - a potion of degeneration {unknown}
 u - a potion of resistance {unknown}


   Skills:
 + Level 5.6 Fighting
 * Level 6.8 Short Blades
 - Level 1.7 Throwing
 - Level 2.4 Dodging
 * Level 1.7 Invocations


You had 6 spell levels left.
You didn't know any spells.
Your spell library contained the following spells:

 Spells                   Type           Power      Damage    Failure   Level
 Shock                    Conj/Air       0%         1d3       47%         1
 Static Discharge         Conj/Air       0%         N/A       63%         2
 Swiftness                Air            0%         N/A       85%         3
 Airstrike                Air            0%         N/A       99%         4
 Lightning Bolt           Conj/Air       0%         1d11      100%        5


Dungeon Overview and Level Annotations

Branches:
Dungeon (5/15)              Sewer (visited)
 Temple: D:4-7

Altars:
Hepliaklqana
Kikubaaqudgha
Xom


Message History

Done exploring.
(D) Dungeon
Where to? (Enter - D:4 @ (x,y), ? - help)
You open the door.
There is an open door here.
There is a stone staircase leading down here.
You climb downwards.
An ogre comes into view. It is wielding a +0 giant club.
Found a fizzy black potion.
There is a stone staircase leading up here.
Okay, then.
You don't know any spells.
Unknown command.
You aren't carrying any items that you can evoke.
Unknown command.
The ogre shouts!
Found a stone staircase leading down.
The ogre misses you.
You puncture the ogre!
The ogre is moderately wounded.
The ogre barely misses you.
You hit the ogre.
The ogre is heavily wounded.
You hit the ogre.
The ogre is heavily wounded.
The ogre hits you with a +0 giant club!!
You hit the ogre.
The ogre is severely wounded.
The ogre hits you with a +0 giant club!
* * * LOW HITPOINT WARNING * * *
You hit the ogre.
The ogre is almost dead.
You hit the ogre.
The ogre is almost dead.
The ogre hits you with a +0 giant club!
* * * LOW HITPOINT WARNING * * *
You barely miss the ogre.
The ogre is almost dead.
The ogre hits you with a +0 giant club!!
You die...

.....# ...
....###... #
.......... .>
##..!...... ...
#........
....####.......
............#
..........<.#
#...O@....#
#.........#
#.........#
#.........#
#.........#
#.........#
###########


You could see an ogre.

Vanquished Creatures
  Sigmund (D:2)
  A howler monkey (D:4)
  An orc priest (D:4)
  2 hounds (D:4)
  An orc wizard (D:4)
  6 gnolls
  10 adders
  A river rat (Sewer)
  An adder skeleton (D:4)
  2 worms (D:4)
  2 dart slugs (D:4)
  3 orcs (D:4)
  10 endoplasms
  2 giant cockroaches
  10 goblins
  5 hobgoblins
  14 jackals (D:1)
  4 quokkas
  9 ball pythons
  11 bats
  9 frilled lizards
  2 kobolds (D:1)
  20 rats
127 creatures vanquished.

Notes
Turn   | Place    | Note
-------+----------+-------------------------------------------
     0 | D:1      | Nattfarinn the Hill Orc Gladiator began the quest for the
                  | Orb.
     0 | D:1      | Reached XP level 1. HP: 18/18 MP: 1/1
    27 | D:1      | Reached XP level 2. HP: 25/25 MP: 2/2
   507 | D:1      | Reached XP level 3. HP: 31/31 MP: 3/3
   783 | D:1      | Reached skill level 4 in Short Blades
  1546 | D:2      | Reached XP level 4. HP: 38/38 MP: 4/4
  2203 | D:2      | Noticed Sigmund
  2222 | D:2      | Killed Sigmund
  2223 | D:2      | Reached skill level 5 in Short Blades
  2223 | D:2      | Reached XP level 5. HP: 38/47 MP: 5/5
  2223 | D:2      | Reached XP level 6. HP: 42/53 MP: 6/6
  2748 | D:3      | Found a shimmering altar of Xom.
  3291 | D:3      | Reached skill level 6 in Short Blades
  3555 | D:3      | Reached skill level 5 in Fighting
  3562 | D:3      | Found an ancient bone altar of Kikubaaqudgha.
  3569 | D:3      | Found a hazy altar of Hepliaklqana.
  4083 | D:4      | Found a glowing drain.
  4186 | Sewer    | Entered a sewer
  4708 | D:4      | Reached XP level 7. HP: 48/61 MP: 7/7
  4926 | D:4      | Reached skill level 1 in Invocations
  5717 | D:5      | Entered Level 5 of the Dungeon
  5729 | D:5      | Mangled by an ogre

Illustrated notes

Levels and vault maps discovered:
D:1:      kennysheep_arrival_forest, layout_loops_ring, minmay_rat_gold_closets
D:2:      minmay_inner_zag, layout_basic, uniq_sigmund
D:3:      layout_loops_ring, overflow_temple_1_default,
          amethyst_overflow_temple_binary
D:4:      layout_basic, portal_sewer_entry_d, fountainhead,
          corexii_hall_statues_t
D:5:      layout_basic, kennysheep_okawaru_gauntlet, sigmund_army

Skill      XL: |  1  2  3  4  5  6  7 |
---------------+----------------------+-----
Fighting       | 3 4 5 |  5.6
Short Blades   | 4 5 6 |  6.8
Invocations    | 1 |  1.7
Throwing       | |  1.7
Dodging        | |  2.4

Action                   |  1- 3 |  4- 6 |  7- 9 || total
-------------------------+-------+-------+-------++-------
Melee: Rapier            |   133 |   211 |    90 ||   434
Throw: Throwing net      |       |     3 |       ||     3
  Use: Scroll            |       |     5 |       ||     5
 Stab: Sleeping          |     2 |     5 |       ||     7
       Held in net/web   |       |     1 |       ||     1
Armor: Leather armour    |    46 |    49 |    25 ||   120
Dodge: Dodged            |   108 |   122 |    49 ||   279

Table legend: (Time is in decaauts)
 A = Elapsed time spent in this place.
 B = Non-inter-level travel time spent in this place.
 C = Inter-level travel time spent in this place.
 D = Time resting spent in this place.
 E = Time spent auto-exploring this place.
 F = Levels seen in this place.
 G = Mean time per level.
                   A        B        C        D        E       F      G
               +--------+--------+--------+--------+--------+-----+--------+
         Total |   5746 |   5549 |    197 |    731 |   3915 |   6 |  957.7 |
       Dungeon |   5371 |   5174 |    197 |    731 |   3624 |   5 | 1074.2 |
         Sewer |    375 |    375 |      0 |      0 |    291 |   1 |  375.0 |
               +--------+--------+--------+--------+--------+-----+--------+

Top non-repeatable levels by time:
     D:2: 1702 daAuts
     D:4: 1333 daAuts
     D:1: 1300 daAuts
     D:3: 1023 daAuts
   Sewer: 375 daAuts
     D:5: 10 daAuts
